 Dungeon Crawl Stone Soup version 0.20.1-1-g8b1a95d (webtiles) character file.

14436 Romulous the Cleaver (level 11, -1/97 HPs)
             Began as a Minotaur Fighter on Oct 31, 2017.
             Was a High Priest of Okawaru.
             Slain by an orc knight
             ... wielding a +3 war axe
              (20 damage)
             ... on level 2 of the Orcish Mines.
             The game lasted 00:55:06 (9847 turns).

Romulous the Cleaver (Minotaur Fighter)             Turns: 9847, Time: 00:55:07

Health: -1/97      AC: 23    Str: 30    XL:     11   Next: 88%
Magic:  10/10      EV: 11    Int:  5    God:    Okawaru [*****.]
Gold:   1236       SH: 16    Dex:  9    Spells: 10/10 levels left

rFire    . . .     SeeInvis +   M - +6 war axe (elec)
rCold    + + .     Gourm    .   c - +3 shield
rNeg     . . .     Faith    .   E - +0 plate armour
rPois    .         Spirit   .   R - +2 hat
rElec    .         Reflect  .   G - +2 cloak {MR+}
rCorr    .         Harm     .   B - +0 pair of gloves
MR       +....                  N - +1 pair of boots of Qauroruh {rC++ Str+5 SInv}
Stlth    ..........             (no amulet)
Regen    0.3/turn               Q - +2 ring of evasion
MPRegen  0.2/turn               w - +1 ring of slaying

@: no status effects
A: retaliatory headbutt, horns 2
a: Heroism, Finesse, Renounce Religion


You were on level 2 of the Orcish Mines.
You worshipped Okawaru.
Okawaru was extremely pleased with you.
You were not hungry.

You visited 3 branches of the dungeon, and saw 12 of its levels.

You collected 1286 gold pieces.
You spent 50 gold pieces at shops.

Inventory:

Hand Weapons
 a - a +1 war axe
 m - a cursed -2 war axe
 M - a +6 war axe of electrocution (weapon)
 Y - a +1 vampiric war axe
Missiles
 C - 19 tomahawks (quivered)
Armour
 c - a +3 shield (worn)
 B - a +0 pair of gloves (worn)
 E - a +0 plate armour (worn)
 G - a +2 cloak of magic resistance (worn)
 I - a scarf of spirit shield
 N - the +1 pair of boots of Qauroruh (worn) {rC++ Str+5 SInv}
   (You found it on level 4 of the Dungeon)

   It affects your strength (+5).
   It greatly protects you from cold.
   It lets you see invisible.
 R - a +2 hat (worn)
Jewellery
 w - a +1 ring of slaying (right hand)
 D - an uncursed ring of resist corrosion
 P - an uncursed ring of resist corrosion
 Q - a +2 ring of evasion (left hand)
Wands
 o - a wand of iceblast (7/15)
 y - a wand of lightning (5/15)
 V - a wand of lightning (2/15)
Scrolls
 j - 6 scrolls of identify
 n - 2 scrolls of fear {unknown}
 r - 5 scrolls of remove curse
 x - 3 scrolls of teleportation
 J - 2 scrolls of amnesia
 L - a scroll of blinking {unknown}
 O - a scroll of recharging {unknown}
 T - a scroll of magic mapping {unknown}
 W - a scroll of fog {unknown}
 X - a scroll of immolation {unknown}
 Z - a scroll of silence {unknown}
Potions
 d - 2 potions of might
 e - a potion of magic {unknown}
 i - 3 potions of flight
 k - 2 potions of lignification {unknown}
 l - a potion of experience {unknown}
 p - a potion of resistance {unknown}
 s - a potion of haste {unknown}
 t - 4 potions of brilliance
 u - a potion of mutation {unknown}
 v - a potion of agility {unknown}
 z - 4 potions of curing
 A - a potion of heal wounds {unknown}
 H - 3 potions of invisibility {unknown}
 K - 2 potions of cancellation
 S - a potion of berserk rage {unknown}
 U - a potion of degeneration {unknown}
Comestibles
 b - 4 fruits
 f - 10 bread rations
 g - 6 meat rations


   Skills:
 + Level 9.3 Fighting
 + Level 14.8 Axes
 + Level 10.0 Armour
 + Level 4.0 Dodging
 + Level 1.3 Stealth
 + Level 11.3 Shields


You had 10 spell levels left.
You didn't know any spells.

Dungeon Overview and Level Annotations

Branches:
Dungeon (9/15)             Temple (1/1) D:5             Orc (2/2) D:9
    Elf (0/3) Orc:2
   Lair: D:8-11

Altars:
Ashenzari
Cheibriados
Dithmenos
Elyvilon
Fedhas
Hepliaklqana
Kikubaaqudgha
Makhleb
Okawaru
Ru
Sif Muna
Trog
Xom
Zin
The Shining One
Beogh

Shops:
D:8 ?   Orc:2 *!!*%


Innate Abilities, Weirdness & Mutations

You reflexively headbutt those who attack you in melee.
You have a pair of horns on your head.


Message History

You slash the orc knight!
The orc knight is heavily wounded.
You slash the orc knight!
The orc knight hits you with an enchanted war axe!!
* * * LOW HITPOINT WARNING * * *
You slash the orc knight!
Lightning courses through the orc knight!
The orc knight is severely wounded.
You slash the orc knight! The orc knight closely misses you.
You slash the orc knight!
Lightning courses through the orc knight!
You kill the orc knight!
Okawaru accepts your kill.
You hit the orc knight. You block the orc knight's attack.
Your shield and plate armour prevent you from hitting the orc knight.
The orc knight is almost dead.
You closely miss the orc knight.
The orc knight is almost dead.
The orc knight hits you with an enchanted war axe!!
You die...

#.#....∩#...............#
##.#.....#..............##
..#.....#.............##
#.#.....#..............#
#.###'###..............#
#..)..))...............##
.###(.##$###...............#
...((.#....#...[o.........##
####..#....#)..)@).....#...#
#..#...∩#.)#.......###.##
####..######..........# ##
..............#......##
..............#.....##
###############.....##
###.....# ##......## #
#.....).#


You could see an orc knight.

Vanquished Creatures
  The ghost of Linguinho the Geomancer, a journeyman DrEE of Ashenzari (Orc:1)
  3 two-headed ogres
  6 orc knights (Orc:2)
  Joseph (D:8)
  The ghost of Frank the Slasher, a novice OpFi (D:5)
  3 trolls
  A hippogriff (D:7)
  Grinder (D:3)
  Sigmund (D:2)
  A spriggan (D:8)
  2 wyverns
  A hungry ghost (D:7)
  7 wargs (Orc:2)
  4 sky beasts
  24 orc warriors
  2 phantoms
  2 black bears (D:8)
  6 ogres
  2 centaurs (D:5)
  A crocodile (D:9)
  A big kobold (D:9)
  A bullfrog (D:8)
  A wyvern skeleton (D:8)
  5 killer bees (D:9)
  5 howler monkeys (D:9)
  A quasit (D:9)
  2 hounds
  Crazy Yiuf (D:3)
  13 orc priests
  20 orc wizards
  2 bullfrog skeletons (D:8)
  A gnoll shaman (Orc:1)
  5 worker ants
  Terence (D:2)
  2 iguanas
  2 worker ant zombies
  Robin (D:2)
  8 adders
  12 gnolls
  2 shadow imps
  2 adder zombies
  2 worms
  An adder skeleton (D:9)
  A dart slug (D:3)
  2 leopard geckos
  94 orcs
  A ball python (D:3)
  A giant cockroach (D:4)
  13 goblins
  11 hobgoblins
  3 jackals
  8 kobolds
  5 quokkas
  10 bats
  3 frilled lizards
  A quokka zombie (D:7)
  8 rats
322 creatures vanquished.

Notes
Turn   | Place    | Note
-------+----------+-------------------------------------------
     0 | D:1      | Romulous the Minotaur Fighter began the quest for the Orb.
     0 | D:1      | Reached XP level 1. HP: 19/19 MP: 0/0
   157 | D:1      | Reached XP level 2. HP: 27/27 MP: 1/1
   748 | D:2      | Noticed Terence
   749 | D:2      | Noticed Robin
   753 | D:2      | Reached XP level 3. HP: 25/33 MP: 2/2
   753 | D:2      | Reached skill level 3 in Axes
   755 | D:2      | Killed Terence
   759 | D:2      | Reached XP level 4. HP: 27/40 MP: 3/3
   764 | D:2      | Killed Robin
   882 | D:2      | Noticed Sigmund
   890 | D:2      | Killed Sigmund
   890 | D:2      | Reached skill level 5 in Axes
   890 | D:2      | Reached skill level 1 in Dodging
   890 | D:2      | Reached skill level 5 in Shields
   890 | D:2      | Reached XP level 5. HP: 39/46 MP: 4/4
  1322 | D:2      | Reached XP level 6. HP: 52/52 MP: 5/5
  1471 | D:3      | Noticed Grinder
  1473 | D:3      | Paralysed by Grinder for 6 turns
  1483 | D:3      | Killed Grinder
  1483 | D:3      | Reached skill level 6 in Axes
  1483 | D:3      | Reached skill level 5 in Armour
  1762 | D:3      | Reached XP level 7. HP: 60/60 MP: 6/6
  1834 | D:3      | Found a snail-covered altar of Cheibriados.
  1933 | D:3      | Found a runed door.
  1937 | D:3      | Noticed Crazy Yiuf
  1947 | D:3      | Killed Crazy Yiuf
  2063 | D:3      | Found a white marble altar of Elyvilon.
  2560 | D:4      | Got a twisted long sword
  2561 | D:4      | Identified the +2 long sword "Juycle" {freeze, +Inv rN+ MR-} (You found it on level 4 of the Dungeon)
  2687 | D:4      | Reached skill level 7 in Axes
  2695 | D:4      | Got a pair of fine boots
  2701 | D:4      | Identified the +1 pair of boots of Qauroruh {rC++ Str+5 SInv} (You found it on level 4 of the Dungeon)
  3082 | D:5      | Entered Level 5 of the Dungeon
  3099 | D:5      | Found a staircase to the Ecumenical Temple.
  3109 | D:5      | Noticed a wyvern
  3115 | D:5      | Killed a wyvern
  3115 | D:5      | Reached skill level 5 in Fighting
  3115 | D:5      | Reached XP level 8. HP: 68/68 MP: 7/7
  3127 | D:5      | Noticed Frank's ghost (novice OpFi)
  3127 | D:5      | Reached skill level 8 in Axes
  3139 | D:5      | Killed Frank's ghost
  3163 | Temple   | Entered the Ecumenical Temple
  3278 | Temple   | Became a worshipper of Warmaster Okawaru
  3326 | D:5      | Reached skill level 9 in Axes
  4380 | D:6      | Found a blossoming altar of Fedhas.
  4400 | D:6      | Reached * piety under Okawaru
  4400 | D:6      | Reached XP level 9. HP: 75/75 MP: 8/8
  4551 | D:6      | Found a glowing silver altar of Zin.
  4551 | D:6      | Found a hazy altar of Hepliaklqana.
  4552 | D:6      | Found a shimmering altar of Xom.
  5189 | D:7      | Reached skill level 10 in Axes
  5644 | D:8      | Noticed Joseph
  5656 | D:8      | Killed Joseph
  5656 | D:8      | Reached ** piety under Okawaru
  5843 | D:8      | Found a bloodstained altar of Trog.
  5848 | D:8      | Found Biviohac's Magic Scroll Boutique.
  6028 | D:8      | Noticed a two-headed ogre
  6034 | D:8      | Killed a two-headed ogre
  6034 | D:8      | Reached *** piety under Okawaru
  6034 | D:8      | Reached skill level 11 in Axes
  6034 | D:8      | Reached XP level 10. HP: 52/84 MP: 9/9
  6173 | D:8      | Noticed a two-headed ogre
  6181 | D:8      | Killed a two-headed ogre
  6425 | D:8      | Found a shadowy altar of Dithmenos.
  6568 | D:8      | Reached skill level 12 in Axes
  6774 | D:8      | Reached skill level 1 in Stealth
  6956 | D:9      | Reached **** piety under Okawaru
  7157 | D:9      | Found a burning altar of Makhleb.
  7157 | D:9      | Noticed a balrug
  7161 | D:9      | Noticed an orange demon
  7161 | D:9      | Noticed an orange demon
  7381 | D:9      | Received a gift from Okawaru
  7455 | D:9      | Found a staircase to the Orcish Mines.
  7490 | D:9      | Noticed a two-headed ogre
  7500 | D:9      | Killed a two-headed ogre
  7500 | D:9      | Reached skill level 13 in Axes
  7542 | D:9      | Reached ***** piety under Okawaru
  7755 | Orc:1    | Entered Level 1 of the Orcish Mines
  7765 | Orc:1    | Reached skill level 10 in Shields
  8157 | Orc:1    | Found a roughly hewn altar of Beogh.
  8274 | Orc:2    | Entered Level 2 of the Orcish Mines
  8395 | Orc:2    | Reached XP level 11. HP: 93/93 MP: 10/10
  8430 | Orc:2    | Noticed an orc knight
  8456 | Orc:2    | Killed an orc knight
  8479 | Orc:2    | Found Puanedghe's Food Shop.
  8620 | Orc:2    | Noticed an orc knight
  8626 | Orc:2    | Found Xeucw's Assorted Antiques.
  8627 | Orc:2    | Noticed an orc knight
  8627 | Orc:2    | Noticed an orc knight
  8638 | Orc:2    | Killed an orc knight
  8638 | Orc:2    | Received a gift from Okawaru
  8973 | Orc:2    | Found a staircase to the Elven Halls.
  9058 | Orc:1    | Noticed Linguinho's ghost (journeyman DrEE)
  9078 | Orc:1    | Killed Linguinho's ghost
  9078 | Orc:1    | Reached skill level 14 in Axes
  9380 | Orc:2    | Noticed an orc knight
  9385 | Orc:2    | Noticed an orc knight
  9395 | Orc:2    | Killed an orc knight
  9405 | Orc:2    | Killed an orc knight
  9455 | Orc:2    | Found Oras's Distillery.
  9455 | Orc:2    | Found Gukhliacs's Assorted Antiques.
  9732 | Orc:2    | Bought a scroll of identify for 50 gold pieces
  9751 | Orc:2    | Found a roughly hewn altar of Beogh.
  9804 | Orc:2    | Found Ciosoyva's Distillery.
  9825 | Orc:2    | Noticed an orc knight
  9829 | Orc:2    | Noticed an orc knight
  9840 | Orc:2    | Killed an orc knight
  9840 | Orc:2    | Reached skill level 10 in Armour
  9845 | Orc:2    | Killed an orc knight
  9847 | Orc:2    | Slain by an orc knight

Skill      XL: |  1  2  3  4  5  6  7  8  9 10 11 |
---------------+----------------------------------+-----
Shields        | 4 5 6 7 8 10 11 | 11.3
Armour         | 4 5 6 8 9 10 | 10.0
Axes           | 3 5 6 7 9 11 13 14 | 14.8
Fighting       | 4 5 6 7 9 |  9.3
Dodging        | 1 2 3 4 |  4.0
Stealth        | 1 |  1.3

Action                   |  1- 3 |  4- 6 |  7- 9 | 10-12 || total
-------------------------+-------+-------+-------+-------++-------
Melee: War axe           |    67 |    75 |   217 |   468 ||   827
       Headbutt          |     7 |    15 |    53 |   106 ||   181
  Use: Scroll            |       |       |     7 |    11 ||    18
  Eat: Chunk             |       |     3 |     9 |     9 ||    21
       Fruit             |       |       |     2 |     2 ||     4
       Royal jelly       |       |       |     2 |     1 ||     3
       Meat ration       |       |       |     1 |       ||     1
Armor: Scale mail        |    14 |       |       |       ||    14
       Chain mail        |    20 |    20 |    87 |    79 ||   206
       Plate armour      |       |       |       |    14 ||    14
Dodge: Dodged            |    28 |    19 |    67 |    73 ||   187
Block: Shield            |    45 |    28 |   116 |   287 ||   476
